 Dungeon Crawl Stone Soup version 0.31.0-11-ge490571c62 (webtiles) character file.

Game seed: 17499622895105336071

106 SmokeWeed the Sneak (level 5, -1/28 HPs)
             Began as a Kobold Enchanter on Feb 2, 2024.
             Slain by a black bear (8 damage)
             ... on level 3 of the Dungeon.
             The game lasted 00:08:35 (2310 turns).

SmokeWeed the Sneak (Kobold Enchanter)              Turns: 2310, Time: 00:08:35

Health: -1/28      AC:  5    Str:  5    XL:     5   Next: 10%
Magic:  17/18      EV: 14    Int: 18    God:
Gold:   92         SH:  0    Dex: 16    Spells: 4/9 levels left

rFire   . . .        d - +1 dagger (vamp)
rCold   . . .        (no shield)
rNeg    . . .        f - +0 leather armour
rPois   .            (no helmet)
rElec   .            (no cloak)
rCorr   .            e - +1 pair of gloves
SInv    .            (no boots)
Will    .....        (no amulet)
Stlth   ++++         k - ring of magical power
HPRegen 0.24/turn    (no ring)
MPRegen 0.16/turn

%: no passive effects
@: no status effects
A: small, no large weapons, nightstalker 3
a: no special abilities


You were on level 3 of the Dungeon.
You visited 1 branch of the dungeon, and saw 3 of its levels.

You collected 92 gold pieces.

Inventory:

Hand Weapons
 a - a +1 dagger
 d - a +1 vampiric dagger (weapon)
 h - a +2 heavy trident
Missiles
 i - 2 poisoned darts
Armour
 b - a +0 robe
 e - a +1 pair of gloves (worn)
 f - a +0 leather armour (worn)
 m - the +0 scale mail "Tyfyex" {Will+ Str-2 Dex+3}
   (You found it on level 2 of the Dungeon)

   Str-2:     It affects your strength (-2).
   Dex+3:     It affects your dexterity (+3).
   Will+:     It increases your willpower.
Jewellery
 k - a ring of magical power (left hand)
Scrolls
 l - a scroll of vulnerability {unknown}
Potions
 c - 4 potions of invisibility
 g - a potion of attraction {unknown}
 j - 2 potions of brilliance {unknown}
 n - 2 potions of curing {unknown}


   Skills:
 + Level 0.1 Fighting
 + Level 1.7 Short Blades
 + Level 0.5 Armour
 + Level 2.8 Dodging
 + Level 5.3 Stealth
 * Level 2.8 Spellcasting
 * Level 3.6 Hexes
 * Level 1.2 Ice Magic


You had 4 spell levels left.
You knew the following spells:

 Your Spells              Type           Power      Damage    Failure   Level
a - Ensorcelled Hibernat  Hex/Ice        22%        N/A       16%         2
b - Tukima's Dance        Hex            15%        N/A       19%         3

Your spell library contained the following spells:

 Spells                   Type           Power      Damage    Failure   Level
 Confusing Touch          Hex            15%        N/A       19%         3
 Dazzling Flash           Conj/Hex       18%        N/A       36%         3


Dungeon Overview and Level Annotations

Branches:
Dungeon (3/15)

Altars:

Shops:
D:3 (


Innate Abilities, Weirdness & Mutations

You are small and have problems with some larger weapons.
You are completely attuned to the shadows.


Message History

n - 2 fizzy white potions (gained 1)
A black bear comes into view.
The black bear growls angrily.
Casting: Ensorcelled Hibernation (safe; 16% risk of failure)
Confirm with . or Enter, or press ? or * to list all spells.
Aiming: Ensorcelled Hibernation (safe; 16% risk of failure)
Press: ? - help, Shift-Dir - straight line, f - black bear
Aim: a black bear (chance to affect: 45%)
The black bear looks drowsy...
There is an entrance to Ighoav's Weapon Shop here.
The helpless black bear fails to defend itself.
You impale the black bear!!
The black bear is almost dead.
The black bear misses you. The black bear closely misses you.
The black bear misses you.
You hit the black bear but do no damage.
The black bear is almost dead.
The black bear misses you.
The black bear claws you but does no damage.
The black bear barely misses you.
You hit the black bear but do no damage.
The black bear is almost dead.
The black bear bites you. The black bear claws you.
The black bear barely misses you.
You hit the black bear but do no damage.
The black bear is almost dead.
The black bear goes berserk!
You hit the black bear but do no damage.
The black bear is almost dead.
The black bear bites you. The black bear claws you.
The black bear closely misses you.
You hit the black bear but do no damage.
The black bear is almost dead.
The black bear bites you.
* * * LOW HITPOINT WARNING * * *
The black bear closely misses you. x2
You barely miss the black bear.
The black bear is almost dead.
The black bear bites you!
You die...

...#...### ...#...#
.......# .......
....... ...#.#..
....... ...#.#...
....... .........
##..... .....h#.##
..†.... .....@....
..÷.... ......∩.#..
....... ..##....#
....... #.......+
..........###.....#
..........###.....#
.........#..........
..##.#...#.#....#...
####.#...#......#..


You could see a black bear (berserk).

Vanquished Creatures
  A gnoll (D:1)
  4 adders
  2 dart slugs
  A ribbon worm (D:3)
  An orc (D:3)
  6 ball pythons
  3 bats
  6 endoplasms
  2 giant cockroaches
  A goblin (D:1)
  5 hobgoblins
  2 jackals (D:1)
  3 quokkas
  5 frilled lizards (D:1)
  6 kobolds
  4 rats
52 creatures vanquished.

Notes
Turn   | Place    | Note
-------+----------+-------------------------------------------
     0 | D:1      | SmokeWeed the Kobold Enchanter began the quest for the Orb.
     0 | D:1      | Reached XP level 1. HP: 10/10 MP: 3/3
   196 | D:1      | Reached XP level 2. HP: 15/15 MP: 5/5
   237 | D:1      | Learned a level 2 spell: Ensorcelled Hibernation
   324 | D:1      | Noticed a neqoxec
   328 | D:1      | Found a faded altar of an unknown god.
   527 | D:1      | Reached XP level 3. HP: 17/19 MP: 1/6
  1142 | D:2      | Reached XP level 4. HP: 24/24 MP: 7/7
  1160 | D:2      | Learned a level 3 spell: Tukima's Dance
  1225 | D:2      | Reached skill level 5 in Stealth
  1705 | D:2      | Identified the +0 scale mail "Tyfyex" {Will+ Str-2 Dex+3}
  2005 | D:3      | Reached skill level 1 in Ice Magic
  2070 | D:3      | Reached XP level 5. HP: 28/28 MP: 9/9
  2296 | D:3      | Found Ighoav's Weapon Shop.
  2300 | D:3      | Noticed a black bear
  2310 | D:3      | Slain by a black bear

Illustrated notes

Levels and vault maps discovered:
D:1:      heliophobic_arrival_ceremonial_halls, layout_basic,
          dreamdust_ecumenical_altar_sealed_demon, serial_aquarium,
          aquarium_bridge_straight [aquarium_subvault_bridge,
          aquarium_subvault_window, aquarium_subvault_bridge,
          aquarium_subvault_window], aquarium_bridge_square
          [aquarium_subvault_balcony, aquarium_subvault_wall,
          aquarium_subvault_bridge, aquarium_subvault_bridge],
          aquarium_window_corridor_3, aquarium_window_1, aquarium_view_2c,
          aquarium_balcony_double_1, aquarium_pool_five
D:2:      layout_basic
D:3:      layout_basic, mainiacjoe_overflow_paths, serial_shops, shop,
          uniq_crazy_yiuf_cottage

Skill      XL: |  1  2  3  4 |
---------------+-------------+-----
Stealth        | 5 |  5.3
Ice Magic      | 1 |  1.2
Fighting       | |  0.1
Short Blades   | |  1.7
Armour         | |  0.5
Dodging        | |  2.8
Spellcasting   | |  2.8
Hexes          | |  3.6

Action                     |  1- 3 |  4- 6 || total
---------------------------+-------+-------++-------
  Melee: Dagger            |    79 |    42 ||   121
   Cast: Ensorcelled Hiber |     5 |    21 ||    26
    Use: Scroll            |     4 |       ||     4
   Stab: Sleeping          |    16 |    17 ||    33
         Distracted        |       |     1 ||     1
 Armour: Robe              |     2 |       ||     2
         Leather armour    |    24 |    18 ||    42
         Scale mail        |       |     2 ||     2
  Dodge: Dodged            |    47 |    31 ||    78
